 Dungeon Crawl Stone Soup version 0.31.0-4-g52a2dc7128 (webtiles) character file.

Game seed: 14403845427766743639

1718296 shadowrider38 the Slayer (level 25, 169/169 HPs)
             Began as a Vine Stalker Necromancer on Jan 21, 2024.
             Was an Initiate of Gozag.
             Escaped with the Orb
             ... and 3 runes!
             The game lasted 01:39:00 (59645 turns).

shadowrider38 the Slayer (VSNe)                    Turns: 59645, Time: 01:39:01

Health: 169/169    AC: 46    Str: 15    XL:     25   Next: 17%
Magic:  38/38      EV: 11    Int: 15    God:    Gozag
Gold:   6278       SH:  5    Dex: 23    Spells: 42/44 levels left

rFire   + . .        a - +8 pair of quick blades "Gyre" and "Gimble" {protect}
rCold   + + .        (shield currently unavailable)
rNeg    . . .        j - +8 plate armour {rF+}
rPois   +            J - +2 helmet
rElec   +            N - +2 cloak
rCorr   .            S - +2 pair of gloves
SInv    .            x - +2 pair of boots {rampage}
Will    +++..        v - amulet of reflection Stlth
                     w - ring of the Fuzzy God {Fire rElec rPois}
HPRegen 1.28/turn    G - ring of Contentment {rPois rF- rC+++ AC+4 Stlth-}
MPRegen 0.26/turn

%: reflection, guardian spirit, rampage
@: no status effects
A: fangs 3, regeneration 1, magic shield, antimagic bite, no potion heal 2,
robust 1, MP-powered wands
0: Orb of Zot
}: 3/15 runes: decaying, serpentine, abyssal
a: Renounce Religion, Potion Petition, Call Merchant, Bribe Branch


You escaped.
You worshipped Gozag.
Gozag was greatly pleased with you.
You visited 10 branches of the dungeon, and saw 47 of its levels.
You visited the Abyss 1 time.
You visited 1 bazaar.

You collected 22999 gold pieces.
You spent 3405 gold pieces at shops.
You paid 13316 gold pieces to Gozag.

Inventory:

Hand Weapons
 a - the +8 pair of quick blades "Gyre" and "Gimble" (weapon) {protect}
   (You found it on level 3 of the Swamp)
 A - a +2 rapier of freezing
Missiles
 t - 20 boomerangs (quivered)
 F - 13 curare-tipped darts
 Z - 5 throwing nets
Armour
 j - a +8 plate armour of fire resistance (worn)
 x - a +2 pair of boots of rampaging (worn)
 J - a +2 helmet (worn)
 N - a +2 cloak (worn)
 S - a +2 pair of gloves (worn)
Magical Staves
 V - a staff of air
Jewellery
 f - a ring of protection from fire
 v - an amulet of reflection (around neck)
 w - the ring of the Fuzzy God (left hand) {Fire rElec rPois}
   (You bought it in a shop on level 4 of the Vaults)

   [ring of fire]

   Fire:      It enhances your fire magic.
   rF+:       It protects you from fire.
   rC-:       It makes you vulnerable to cold.
   rElec:     It insulates you from electricity.
   rPois:     It protects you from poison
 y - a +4 ring of slaying
 G - the ring of Contentment (right hand) {rPois rF- rC+++ AC+4 Stlth-}
   (You found it on level 9 of the Dungeon)

   [ring of protection]

   AC+4:      It affects your AC (+4).
   rF-:       It makes you vulnerable to fire.
   rC+++:     It renders you almost immune to cold.
   rPois:     It protects you from poison Stlth-: It makes you less stealthy.
Wands
 m - a wand of roots (58)
 z - a wand of light (33)
 D - a wand of digging (30)
 E - a wand of charming (30)
Scrolls
 b - 5 scrolls of fear
 d - 6 scrolls of vulnerability
 g - 10 scrolls of noise
 i - 11 scrolls of immolation
 l - 2 scrolls of revelation
 n - 5 scrolls of summoning
 o - a scroll of silence {!r}
 q - 6 scrolls of amnesia
 r - 2 scrolls of enchant weapon
 B - 2 scrolls of blinking
 O - 2 scrolls of torment
 P - 2 scrolls of brand weapon
 R - 17 scrolls of identify
 T - 10 scrolls of teleportation
 W - 3 scrolls of poison
 Y - a scroll of fog
Potions
 c - 2 potions of ambrosia
 e - 2 potions of enlightenment
 h - 9 potions of brilliance
 k - 6 potions of resistance
 p - 6 potions of lignification
 s - 3 potions of might
 C - 6 potions of attraction
 H - 2 potions of haste
 I - 4 potions of invisibility
 L - 2 potions of mutation
 M - 5 potions of magic
 Q - 12 potions of curing
 U - a potion of cancellation
Miscellaneous
 u - a lightning rod (4/4)
 K - a phantom mirror
 X - a box of beasts


   Skills:
 + Level 23.2 Fighting
 - Level 12.0(14.0) Short Blades
 - Level 11.9(14.0) Long Blades
 + Level 19.3 Armour
 - Level 10.0 Dodging
 - Level 2.4 Stealth
 - Level 12.7 Shields
 - Level 10.0 Spellcasting
 - Level 4.0 Necromancy
 - Level 12.0 Evocations


You had 42 spell levels left.
You knew the following spells:

 Your Spells              Type           Power      Damage    Failure   Level
a - Necrotise             Necr           76%        1d7       26%         1
g - Apportation           Tloc           14%        N/A       80%         1

Your spell library contained the following spells:

 Spells                   Type           Power      Damage    Failure   Level
 Sublimation of Blood     Necr           19%        N/A       38%         2
 Kiss of Death            Conj/Necr      52%        2d9       52%         1
 Fugue of the Fallen      Necr           19%        N/A       63%         3
 Vampiric Draining        Necr           19%        2d7       63%         3
 Foxfire                  Conj/Fire      44%        2x1d6     80%         1
 Freeze                   Ice            28%        1d5       80%         1
 Magic Dart               Conj           28%        1d4       80%         1
 Sting                    Conj/Alch      28%        1d4       80%         1
 Summon Small Mammal      Summ           28%        N/A       80%         1
 Ensorcelled Hibernation  Hex/Ice        14%        N/A       91%         2
 Jinxbite                 Hex            14%        N/A       91%         2
 Lesser Beckoning         Tloc           14%        N/A       91%         2
 Mercury Vapours          Alch/Air       14%        N/A       91%         2
 Searing Ray              Conj           14%        2d5       91%         2
 Static Discharge         Conj/Air       14%        3-4/arc   91%         2
 Call Canine Familiar     Summ           7%         N/A       99%         3
 Frozen Ramparts          Ice            14%        1d3       99%         3
 Gell's Gravitas          Tloc           7%         N/A       99%         3
 Hailstorm                Conj/Ice       7%         3d5       99%         3
 Inner Flame              Hex/Fire       11%        N/A       99%         3
 Ozocubu's Armour         Ice            7%         N/A       99%         3
 Passwall                 Erth           7%         N/A       99%         3
 Sigil of Binding         Hex            7%         N/A       99%         3
 Swiftness                Air            7%         N/A       99%         3
 Teleport Other           Tloc           7%         N/A       99%         3
 Tukima's Dance           Hex            7%         N/A       99%         3
 Volatile Blastmotes      Fire/Tloc      22%        2d11      99%         3
 Anguish                  Hex/Necr       6%         N/A       99%         4
 Airstrike                Air            3%         2d(1-17)  100%        4
 Cause Fear               Hex            3%         N/A       100%        4
 Dimensional Bullseye     Hex/Tloc       3%         N/A       100%        4
 Flame Wave               Conj/Fire      11%        2d6       100%        4
 Fulminant Prism          Conj/Alch      3%         3d5       100%        4
 Iskenderun's Mystic Bla  Conj/Tloc      7%         2d4       100%        4
 Manifold Assault         Tloc           7%         N/A       100%        4
 Olgreb's Toxic Radiance  Alch           7%         N/A       100%        4
 Petrify                  Alch/Erth      7%         N/A       100%        4
 Sticky Flame             Fire/Alch      11%        2d5       100%        4
 Summon Blazeheart Golem  Fire/Summ      11%        N/A       100%        4
 Summon Lightning Spire   Summ/Air       7%         N/A       100%        4
 Vhi's Electric Charge    Tloc/Air       14%        N/A       100%        4
 Alistair's Intoxication  Alch           4%         N/A       100%        5
 Arcjolt                  Conj/Air       3%         1d13      100%        5
 Borgnjor's Vile Clutch   Necr/Erth      6%         N/A       100%        5
 Curse of Agony           Necr           19%        N/A       100%        5
 Fireball                 Conj/Fire      5%         3d5       100%        5
 Irradiate                Conj/Alch      3%         3d12      100%        5
 Yara's Violent Unravell  Hex/Alch       3%         3d4       100%        5
 Eringya's Noxious Bog    Alch           3%         4d6       100%        6
 Plasma Beam              Fire/Air       5%         2x1d16    100%        6
 Sculpt Simulacrum        Ice/Alch       3%         N/A       100%        6
 Starburst                Conj/Fire      5%         6d4       100%        6
 Summon Cactus Giant      Summ           3%         N/A       100%        6
 Enfeeble                 Hex            3%         N/A       100%        7
 Malign Gateway           Summ/Tloc      3%         N/A       100%        7
 Ozocubu's Refrigeration  Ice            3%         4d8       100%        7
 Discord                  Hex            3%         N/A       100%        8
 Ignition                 Fire           5%         3d4       100%        8
 Maxwell's Capacitive Co  Air            3%         ∞         100%        8
 Summon Horrible Things   Summ           3%         N/A       100%        8
 Polar Vortex             Ice            3%         N/A       100%        9
 Animate Dead             Necr           Unusable   N/A       N/A         4

Dungeon Overview and Level Annotations

Branches:
Dungeon (15/15)            Temple (1/1) D:7            Lair (5/5) D:9
  Swamp (4/4) Lair:2        Snake (4/4) Lair:2        Slime (0/5) Lair:5
    Orc (2/2) D:11            Elf (3/3) Orc:2        Vaults (4/5) D:13
  Crypt (0/3) Vaults:2     Depths (4/4) D:15            Zot (5/5) Depths:4

Altars:
Ashenzari
Cheibriados
Dithmenos
Elyvilon
Fedhas
Gozag
Hepliaklqana
Kikubaaqudgha
Makhleb
Nemelex Xobeh
Okawaru
Qazlal
Ru
Sif Muna
Trog
Uskayaw
Vehumet
Wu Jian
Xom
Yredelemnul
Zin
The Shining One
Jiyva
Lugonu

Shops:
D:7 (   Orc:1 ?   Orc:2 ![((   Elf:2 *   Snake:1 [:   Snake:3 =!   Snake:4 :==
Vaults:3 *   Vaults:4 *   Depths:2 ((

Portals:
Hell: Depths:1 Depths:2 Depths:3 Depths:4
Abyss: Lair:5 Depths:3
Pandemonium: Depths:2
Ziggurat: Depths:1

Annotations:
D:4 exclusion: downstairs
D:6 Pikel
D:8 exclusion: downstairs
D:9 exclusion: obsidian statue
Lair:1 exclusion: downstairs
Lair:3 3 runed translucent doors, Brickman's ghost, journeyman NaAl
Lair:4 exclusion: downstairs
Swamp:2 2 transporters, exclusion: orange crystal statue
Snake:2 2 transporters, Esekla's ghost, journeyman OpDe
Elf:1 3 runed translucent doors
Elf:2 3 runed translucent doors
Elf:3 2 transporters, Deanun's ghost, adept MiBe
Depths:1 exclusion: orange crystal statue
Abyss:1 Snorg


Innate Abilities, Weirdness & Mutations

You have razor-sharp teeth.
Your natural rate of healing is unusually fast.
When hurt, damage is shared between your health and your magic reserves.
Your bite disrupts and absorbs the magic of your enemies.
Potions cannot restore your health.
You are robust. (+10% HP)
You expend magic power (3 MP) to strengthen your wands.


Message History

Your unstable footing causes you to fumble your attack.
You completely miss the cherub. You bite the cherub! You drain its power.
You feel invigorated.
The cherub is heavily wounded.
You hit the cherub. You bite the cherub! You drain its power.
Your unstable footing causes you to fumble your attack.
You hit the cherub. Your bite misses the cherub.
Your unstable footing causes you to fumble your attack.
The cherub is severely wounded.
The cherub hits you but does no damage.
The cherub headbutts you but does no damage.
Your unstable footing causes you to fumble your attack.
You hit the cherub but do no damage. Your bite misses the cherub.
You closely miss the cherub. You bite the cherub. You drain its power.
Your unstable footing causes you to fumble your attack. x2
The cherub is severely wounded.
The cherub closely misses you.
The cherub bites you but does no damage.
You hit the cherub but do no damage. Your bite misses the cherub.
Your unstable footing causes you to fumble your attack.
You miss the cherub. Your bite misses the cherub.
Your unstable footing causes you to fumble your attack.
The cherub is severely wounded.
Your unstable footing causes you to fumble your attack.
The cherub hits you but does no damage.
The cherub gores you but does no damage.
Your unstable footing causes you to fumble your attack.
Your unstable footing causes you to fumble your attack.
You block the cherub's attack.
The cherub pecks you but does no damage.
You hit the cherub. You bite the cherub. You drain its power.
You hit the cherub. You bite the cherub, but do no damage.
Your unstable footing causes you to fumble your attack. x2
The cherub is almost dead.
Your unstable footing causes you to fumble your attack.
You block the cherub's attack.
The cherub bites you but does no damage.
You miss the cherub. You bite the cherub. You drain its power.
You barely miss the cherub. Your bite misses the cherub.
You hit the cherub but do no damage. Your bite misses the cherub.
You miss the cherub. Your bite misses the cherub.
The cherub is almost dead.
You puncture the cherub!
You kill the cherub!
You hear a splash. x3
You now have 6278 gold pieces (gained 5).
Things that are here:
a +0 long sword of flaming; a +0 shortbow; a +0 robe
There is a staircase leading out of the dungeon here.
You have escaped!

♣~♣~♣♣~~~♣♣~♣~♣.# #.# #.#
#####♣♣~♣~♣~♣♣~P♣~♣~♣♣# #.#
#.# #...#♣P~♣~♣~♣P)♣♣~♣~P♣
##.# #.#
#...#♣♣~♣~♣~♣♣~~~~♣~♣♣##..#
#.# #...#
♣~♣~♣♣~~♣♣♣P♣~♣#...## #.#
##..[# ♣~♣♣~♣♣~~~♣♣♣~♣#.###
#.# .#...#
♣♣.♣♣~♣♣♣♣~~~♣♣..# #.#
.#...# ♣♣.♣♣~~~♣♣P♣♣..##
#.#
.#...####♣♣~♣♣♣~@♣♣♣..##
#.# .#...##...♣♣..♣♣♣♣ #.##
#.# .'...'..#.......####.#
#.# ##...#######....)....#
#.# .........# ###########
#.# .###..##.# #.# .#
#..##.# ########## #.# .#
#..##.# #........# #.# .#
#..##.# #.######.# #.#


There were no monsters in sight!

Vanquished Creatures
  Boris (twice) (Vaults:3 Depths:2)
  Josephina (Depths:4)
  Saint Roka (Orc:2)
  Vashnia (Snake:4)
  4 caustic shrikes
  A Killer Klown (Zot:5)
  2 curse toes
  5 golden dragons
  A bone dragon (Depths:4)
  Jory (Vaults:3)
  A Brimstone Fiend (Depths:3)
  2 electric golems (Zot:5)
  A Tzitzimitl (D:5)
  Jorgrun (Swamp:2)
  6 tentacled monstrosities
  9 Orb Guardians
  An Ice Fiend (D:2)
  4 liches
  2 deep elf master archers (Elf:3)
  3 deep elf blademasters (Elf:3)
  A titan (Depths:1)
  A tentacled starspawn (Abyss:3)
  A death cob (Zot:3)
  Frances (Snake:1)
  An Executioner (D:11)
  An ancient champion (Vaults:2)
  4 sphinxes
  A quicksilver dragon (Zot:4)
  10 storm dragons
  2 thorn hunters
  5 shadow dragons
  6 nagarajas (Snake:4)
  2 tengu reavers
  2 draconian knights
  3 protean progenitors (Zot:3)
  4 fire giants
  4 frost giants
  2 draconian shifters
  8 deep elf sorcerers (Elf:3)
  5 spectral caustic shrikes (Depths:1)
  11 vault wardens
  5 deep elf elementalists (Elf:3)
  A ghost moth (Zot:4)
  An iron dragon (Depths:3)
  3 draconian monks
  A demonspawn corrupter (D:12)
  A juggernaut zombie (Depths:3)
  3 ghouls
  4 draconian scorchers
  4 draconian annihilators
  A cacodemon (D:8)
  4 formless jellyfish
  3 spriggan defenders
  10 stone giants
  12 ironbound preservers
  An ophan (Abyss:3)
  11 very ugly things
  5 ironbound thunderhulks
  A demonspawn blood saint (D:12)
  5 deep elf demonologists
  5 vampire knights
  7 eleionomae
  3 green draconians
  2 lorocyprocas
  8 dire elephants
  3 bunyips
  11 deep elf annihilators
  5 black draconians
  4 purple draconians
  2 yellow draconians
  2 white draconians
  2 deep elf death magi (Elf:3)
  8 red draconians
  7 spark wasps
  2 green deaths (Swamp:4)
  2 merfolk javelineers (Abyss:3)
  An eidolon (Abyss:3)
  7 ettins
  12 fire dragons
  A blizzard demon (D:12)
  A shambling mangrove (Swamp:1)
  7 yaktaur captains
  2 entropy weavers (Vaults:3)
  4 rakshasas
  13 vault guards
  2 peacekeepers
  Harold (D:10)
  5 deep elf high priests (Elf:3)
  4 ice dragons
  4 salamander tyrants
  11 great orbs of eyes
  16 hydras
  5 spriggan air magi
  6 alligators
  A catoblepas (Lair:4)
  10 anacondas
  10 ghost crabs
  A hell beast (Swamp:4)
  4 boulder beetles
  3 two-headed ogres
  A spriggan skeleton (Depths:3)
  3 tengu warriors
  7 ironbound frosthearts
  15 naga warriors
  5 centaur warriors
  14 deep troll shamans
  12 death yaks
  8 naga sharpshooters
  24 dancing weapons
  5 spriggan berserkers
  2 occultists (Depths:3)
  8 thrashing horrors
  2 orc high priests
  A titan zombie (Depths:2)
  10 deep troll earth magi
  A vampire mage (D:15)
  A demonic crawler (D:2)
  2 soul eaters
  13 deep elf knights
  Nergalle (Orc:1)
  4 shock serpents
  A storm dragon zombie (Depths:3)
  2 wretched stars (Abyss:3)
  2 skysharks (Lair:5)
  Sonja (Orc:1)
  5 hell knights (Depths:4)
  7 salamander mystics
  9 skeletal warriors
  A fire crab (Lair:4)
  2 sixfirhies
  5 goliath frogs
  7 iron trolls
  A spark wasp zombie (Depths:2)
  7 spriggan druids
  Lodul (D:10)
  A shadow demon (D:1)
  A cherub (D:1)
  56 deep trolls
  6 arcanists
  3 mana vipers
  14 deep elf archers
  A sun moth (shapeshifter) (Depths:2)
  6 naga ritualists
  15 bog bodies
  13 swamp dragons
  A flayed ghost (Depths:1)
  A golden dragon skeleton (Depths:3)
  4 glowing orange brains
  12 ironbound convokers
  2 necromancers
  29 deep elf pyromancers
  6 phantasmal warriors
  7 lindwurms
  A shadow dragon zombie (Depths:2)
  26 deep elf zephyrmancers
  3 orc knights (Orc:2)
  20 ugly things
  A frost giant zombie (Depths:2)
  5 cyclopes
  5 orc sorcerers
  A worldbinder (Abyss:3)
  6 guardian serpents
  9 will-o-the-wisps
  15 salamanders
  A manticore (D:13)
  8 large abominations
  8 elephants
  A frost giant skeleton (Vaults:2)
  3 meliai (D:15)
  6 moths of wrath
  2 apocalypse crabs (Abyss:3)
  28 black mambas
  16 naga magi
  9 vault sentinels
  3 kobold blastminers
  2 stone giant skeletons (Vaults:2)
  A torpor snail (Swamp:4)
  6 human skeletons (Vaults:2)
  An eye of devastation (shapeshifter) (Depths:3)
  3 smoke demons
  A storm dragon simulacrum (Zot:1)
  4 orange demons
  17 cane toads
  A gargoyle (D:12)
  Maggie (D:9)
  4 kobold demonologists
  9 komodo dragons
  38 yaktaurs
  A hellion (Abyss:3)
  A freezing wraith (D:14)
  3 efreet
  3 tengu conjurers
  A tengu simulacrum (Depths:2)
  A bloated husk (Swamp:2)
  An ancient zyme (Abyss:3)
  2 polar bears
  5 trolls
  7 tyrant leeches
  24 hornets
  A draconian simulacrum (Zot:1)
  6 raiju
  7 dream sheep (Lair:3)
  A dream sheep (shapeshifter) (Depths:3)
  24 blink frogs
  A spectral elephant (Lair:2)
  20 slime creatures
  A spectral black mamba (Lair:2)
  36 spriggans
  5 shadows
  6 wyverns
  3 air elementals
  A culicivora (Vaults:3)
  A water elemental (Elf:2)
  2 wraiths (D:11)
  3 ynoxinuls (Lair:5)
  15 basilisks
  A fire bat (Orc:1)
  4 fire elementals
  51 yaks
  Grum (D:11)
  2 redbacks (Vaults:3)
  A yellow draconian simulacrum (Zot:1)
  12 small abominations
  18 vampire mosquitoes
  2 chaos spawn (Lair:5)
  4 wargs
  48 nagas
  23 swamp worms
  23 water moccasins
  An acid dragon (D:10)
  A hell hound (Orc:1)
  45 orc warriors
  A moth of wrath simulacrum (Zot:1)
  A swamp drake (Swamp:1)
  4 boggarts (Vaults:1)
  2 laughing skulls
  6 black bears
  13 ogres
  A tengu (shapeshifter) (D:14)
  6 centaurs
  15 wolves
  3 lemures (D:5)
  A phantom (D:3)
  10 starcursed masses (Abyss:3)
  2 kobold brigands
  A bullfrog (shapeshifter) (Elf:3)
  13 bullfrogs
  4 scorpions
  2 gnoll sergeants
  3 earth elementals
  A necrophage (Swamp:1)
  A spectral water moccasin (Lair:2)
  13 wights
  2 howler monkeys (D:7)
  A bombardier beetle (D:5)
  22 orc priests
  4 hounds
  3 iguanas
  28 orc wizards
  9 gnolls
  8 adders
  A shadow imp (D:8)
  4 white imps
  5 dart slugs
  A ribbon worm (D:2)
  105 orcs
  4 endoplasms
  2 giant cockroaches (D:2)
  8 goblins
  9 hobgoblins
  3 jackals (D:5)
  5 quokkas
  4 ball pythons
  3 bats
  A frilled lizard (D:3)
  14 kobolds
  5 rats
  A starspawn tentacle (Abyss:3)
1811 creatures vanquished.

Vanquished Creatures (collateral kills)
  2 Killer Klowns (Zot:5)
  A tentacled monstrosity (Zot:5)
  7 Orb Guardians (Zot:5)
  An ironbound thunderhulk (Vaults:3)
  An orange crystal statue (Zot:5)
  An oklob plant (Lair:2)
  A troll (D:10)
  A spriggan (Depths:2)
  A vampire mosquito (Swamp:3)
  2 orc warriors (Orc:1)
  An orc wizard (Orc:1)
19 creatures vanquished.

Vanquished Creatures (others)
  2 ancient liches (Zot:5)
  An orb of fire (Zot:5)
  A Killer Klown (Zot:5)
  6 Orb Guardians (Zot:5)
  3 death cobs (Zot:5)
  A draconian shifter (Zot:3)
  A green draconian (Zot:5)
  A black draconian (Zot:5)
  A red draconian (Zot:5)
  2 white draconians (Zot:5)
  A purple draconian (Zot:3)
  A shambling mangrove (Swamp:3)
  A two-headed ogre (D:10)
  An obsidian statue (Zot:5)
  A deep elf pyromancer (Elf:2)
  A kobold blastminer (Orc:2)
  6 bloated husks
  A spriggan (Swamp:3)
  A steam dragon (D:10)
  An orc (Orc:2)
  22 foxfires
  A lurking horror (Abyss:3)
  A starspawn tentacle (Abyss:3)
58 creatures vanquished.

Grand Total: 1888 creatures vanquished

Notes
Turn   | Place    | Note
-------+----------+-------------------------------------------
     0 | D:1      | shadowrider38 the Vine Stalker Necromancer began the quest
                  | for the Orb.
     0 | D:1      | Reached XP level 1. HP: 9/9 MP: 4/4
   349 | D:1      | Reached XP level 2. HP: 14/14 MP: 6/6
   857 | D:1      | Reached skill level 1 in Fighting
  1290 | D:2      | Reached XP level 3. HP: 17/18 MP: 7/7
  1835 | D:2      | Reached XP level 4. HP: 23/23 MP: 8/8
  2024 | D:3      | Reached skill level 2 in Fighting
  2024 | D:3      | Reached skill level 3 in Short Blades
  2026 | D:3      | Reached XP level 5. HP: 23/26 MP: 9/9
  2159 | D:3      | Noticed a phantom
  2369 | D:3      | You fall into a shaft and drop 3 floors!
  2422 | D:5      | Entered Level 5 of the Dungeon
  2694 | D:3      | Killed a phantom
  2695 | D:3      | Reached XP level 6. HP: 31/32 MP: 10/10
  2873 | D:3      | Reached skill level 3 in Fighting
  3385 | D:4      | Found a broken altar of Ashenzari.
  3644 | D:5      | Noticed a black bear
  3763 | D:5      | Killed a black bear
  3764 | D:5      | Reached XP level 7. HP: 34/36 MP: 11/11
  4018 | D:5      | Reached skill level 4 in Fighting
  4247 | D:5      | Gained mutation: You have razor-sharp teeth. [Vine Stalker
                  | growth]
  4247 | D:5      | Reached XP level 8. HP: 30/42 MP: 12/12
  4622 | D:6      | Found a sparkling altar of Nemelex Xobeh.
  4742 | D:6      | Found a sacrificial altar of Ru.
  4744 | D:6      | Found a hazy altar of Hepliaklqana.
  4749 | D:6      | Found a shadowy altar of Dithmenos.
  4762 | D:6      | Found a white marble altar of Elyvilon.
  4874 | D:6      | Noticed Pikel
  4971 | D:6      | shadowrider38: !nchoice
  5043 | D:6      | Reached skill level 5 in Fighting
  5043 | D:6      | beem: VSNe: 0 wins || Flugkiller: CXC, L11 Trooper of
                  | Uskayaw || Implojin: CBR2, L11 Martial Artist of Ru ||
                  | shadowrider38: CBR2, L5 Grave Robber of No God || Steele:
                  | CKO, L2 Grave Robber of Vehumet || sewnkin: CAO, L2 Grave
                  | Robber of Makhleb || puimuR: CXC, L1 Grave Robber of No God
                  | || GeeHouse: CAO, L1 Grave Robber of No God || James: CUE,
                  | L1 Grave Robber of No God
  5334 | D:6      | Reached XP level 9. HP: 17/44 MP: 13/13
  5873 | D:7      | Found Xyusim Ofesh's Antique Weapon Boutique.
  5998 | D:7      | Found a staircase to the Ecumenical Temple.
  6017 | Temple   | Entered the Ecumenical Temple
  6026 | Temple   | Became a worshipper of Gozag Ym Sagoz the Greedy
  6385 | D:7      | Reached skill level 6 in Fighting
  6385 | D:7      | Reached skill level 3 in Armour
  6681 | D:7      | Reached skill level 9 in Short Blades
  7125 | D:8      | Identified the +6 trident of the Endless Expanse {protect,
                  | rElec rN+ Str+3 Stlth-}
  7250 | D:8      | Reached XP level 10. HP: 35/53 MP: 14/14
  7645 | D:9      | Found a stormy altar of Qazlal.
  7745 | D:9      | Noticed Maggie
  7764 | D:9      | Killed Maggie
  7765 | D:9      | Reached skill level 3 in Spellcasting
  8161 | D:9      | Found a burning altar of Makhleb.
  8164 | D:9      | Found a glowing golden altar of the Shining One.
  8168 | D:9      | Found an iron altar of Okawaru.
  8198 | D:9      | Found a hide-covered altar of Uskayaw.
  8281 | D:9      | Found a staircase to the Lair.
  8469 | D:9      | Noticed an obsidian statue
  8469 | D:9      | Found the ring of Shadows {Umbra +Inv Stlth+}
  8473 | D:9      | Learned a level 1 spell: Apportation
  8477 | D:9      | Identified the ring of Contentment {rPois rF- rC+++ AC+4
                  | Stlth-} (You found it on level 9 of the Dungeon)
  8762 | D:9      | Found a bloodstained altar of Trog.
  9015 | D:9      | Noticed a sixfirhy
  9228 | D:10     | Entered Level 10 of the Dungeon
  9682 | D:10     | Reached skill level 7 in Fighting
  9876 | D:10     | Noticed a two-headed ogre
  9882 | D:10     | Reached XP level 11. HP: 43/58 MP: 18/18
 10246 | D:11     | Noticed a two-headed ogre
 10381 | D:11     | Noticed Grum
 10449 | D:11     | Noticed Harold
 10518 | D:10     | Killed Harold
 10534 | D:11     | Noticed Lodul
 10585 | D:11     | Got Sif Muna's Guidebook on Wounds and Elsewhere
 10765 | D:11     | Found a staircase to the Orcish Mines.
 11250 | D:11     | Killed Grum
 11262 | D:11     | Noticed a boulder beetle
 11334 | Lair:1   | Entered Level 1 of the Lair of Beasts
 11412 | D:11     | shadowrider38: !nchoice
 11423 | D:11     | beem: VSNe: 0 wins || Flugkiller: CXC, L15 Fighter of
                  | Uskayaw || Implojin: CBR2, L14 Black Belt of Ru ||
                  | shadowrider38: CBR2, L11 Slicer of Gozag || sewnkin: CAO,
                  | L9 Sneak of Makhleb || GeeHouse: CAO, L5 Grave Robber of No
                  | God || puimuR: CXC, L2 Grave Robber of Makhleb || Steele:
                  | CKO, L2 Grave Robber of Vehumet
 11503 | D:11     | Reached skill level 8 in Fighting
 11618 | D:10     | Killed a two-headed ogre
 11619 | D:10     | Reached skill level 3 in Dodging
 11743 | Orc:1    | Entered Level 1 of the Orcish Mines
 11819 | Orc:1    | Noticed Sonja
 11820 | Orc:1    | Noticed Snorg
 11823 | Orc:1    | Banished Snorg
 12733 | Lair:1   | Reached skill level 9 in Fighting
 12733 | Lair:1   | Reached XP level 12. HP: 48/66 MP: 19/19
 13389 | D:7      | Bought an encrusted falchion for 240 gold pieces
 13389 | D:7      | Identified the +1 falchion "Xaddav" {spect, rCorr} (You
                  | bought it in a shop on level 7 of the Dungeon)
 14160 | Lair:2   | Noticed a seven-headed hydra
 14240 | Lair:2   | Noticed a seven-headed hydra
 14240 | Lair:2   | Noticed a seven-headed hydra
 14343 | Lair:2   | Reached skill level 3 in Long Blades
 14401 | Lair:2   | Killed a three-headed hydra
 14402 | Lair:2   | Reached skill level 10 in Fighting
 14658 | Lair:2   | You fall into a shaft and drop 1 floor!
 14952 | Lair:2   | Reached XP level 13. HP: 51/72 MP: 17/20
 15364 | Lair:2   | Found a staircase to the Snake Pit.
 15816 | Lair:2   | Reached skill level 9 in Long Blades
 15877 | Lair:2   | Found a staircase to the Swamp.
 16636 | Lair:3   | Found a runed translucent gate.
 16637 | Lair:3   | Found a runed translucent gate.
 16638 | Lair:3   | Found a runed translucent gate.
 16639 | Lair:3   | Noticed Brickman's ghost (journeyman NaAl)
 17719 | Lair:4   | Reached XP level 14. HP: 63/77 MP: 17/21
 18327 | Lair:4   | Reached skill level 3 in Evocations
 18743 | Lair:5   | Entered Level 5 of the Lair of Beasts
 19291 | Lair:5   | Reached skill level 9 in Armour
 19358 | Lair:4   | Reached skill level 11 in Fighting
 19415 | Lair:5   | Found a hazy altar of Hepliaklqana.
 19521 | Lair:5   | Found a staircase to the Slime Pits.
 19523 | Lair:5   | Found a viscous altar of Jiyva.
 19778 | Lair:5   | Identified a scroll of acquirement
 19779 | Lair:5   | Acquired 980 gold pieces
 21412 | Lair:5   | Reached skill level 12 in Fighting
 21443 | Lair:5   | Found a corrupted altar of Lugonu.
 21443 | Lair:5   | Found a one-way gate to the infinite horrors of the Abyss.
 21923 | D:10     | Killed Lodul
 21924 | D:10     | Reached XP level 15. HP: 78/85 MP: 18/22
 22220 | Orc:1    | Killed Sonja
 22414 | Orc:2    | Entered Level 2 of the Orcish Mines
 22785 | Orc:2    | shadowrider38: !nchoice
 22799 | Orc:2    | beem: VSNe: 0 wins || Flugkiller: CXC, L17 Cleaver of
                  | Uskayaw || shadowrider38: CBR2, L14 Slicer of Gozag ||
                  | sewnkin: CAO, L11 Slicer of Makhleb || James: CUE, L6 Grave
                  | Robber of Sif Muna || chipmonk: CUE, L5 Grave Robber of
                  | Yredelemnul || puimuR: CXC, L2 Grave Robber of Makhleb ||
                  | Steele: CKO, L2 Grave Robber of Vehumet
 22868 | Orc:2    | Found Binnag's Distillery.
 22872 | Orc:2    | Bought a potion of magic for 88 gold pieces
 22872 | Orc:2    | Bought a potion of haste for 110 gold pieces
 23009 | Orc:1    | Found Higamm's Magic Scroll Emporium.
 23059 | Orc:1    | Bought a scroll of fear for 60 gold pieces
 23059 | Orc:1    | Bought a scroll of summoning for 142 gold pieces
 23059 | Orc:1    | Bought a scroll of teleportation for 45 gold pieces
 23059 | Orc:1    | Bought 3 scrolls of fear for 180 gold pieces
 23197 | Orc:1    | Reached skill level 13 in Fighting
 23282 | Orc:1    | Noticed Nergalle
 23524 | Orc:1    | Killed Nergalle
 23538 | Orc:2    | Found a staircase to the Elven Halls.
 23885 | Orc:2    | Paralysed by an orc sorcerer for 5 turns
 24202 | Orc:2    | Found Impey's Weapon Boutique.
 24323 | Orc:2    | Found Buffu's Book Boutique.
 24695 | Orc:2    | Found a shimmering altar of Xom.
 24827 | Orc:2    | Noticed Saint Roka
 24872 | Orc:2    | Killed Saint Roka
 25236 | Orc:2    | Found Inon's Antique Armour Emporium.
 25237 | Orc:2    | Found Cotath's Antique Weapon Shoppe.
 25250 | Orc:2    | Bought a pair of boots for 157 gold pieces
 25429 | D:12     | shadowrider38: !nchoice
 25429 | D:12     | beem: VSNe: 0 wins || Flugkiller: CXC, L17 Blocker of
                  | Uskayaw || shadowrider38: CBR2, L15 Fighter of Gozag ||
                  | sewnkin: CAO, L11 Slicer of Makhleb || chipmonk: CUE, L7
                  | Sneak of Yredelemnul || Steele: CKO, L2 Grave Robber of
                  | Vehumet || willcat: CAO, L1 Grave Robber of No God ||
                  | puimuR: CXC, L1 Grave Robber of No God
 25790 | D:12     | Reached skill level 3 in Shields
 26277 | D:13     | Found a gate to the Vaults.
 26822 | D:14     | Reached XP level 16. HP: 75/91 MP: 21/23
 27618 | D:15     | Entered Level 15 of the Dungeon
 27960 | D:15     | Reached skill level 14 in Fighting
 27972 | D:15     | Found a staircase to the Depths.
 28185 | D:15     | Reached skill level 9 in Shields
 28369 | D:15     | shadowrider38: !nchoice
 28369 | D:15     | beem: VSNe: 0 wins || Flugkiller: CXC, L17 Blocker of
                  | Uskayaw || shadowrider38: CBR2, L16 Fighter of Gozag ||
                  | sewnkin: CAO, L11 Slicer of Makhleb || chipmonk: CUE, L8
                  | Sneak of Yredelemnul || willcat: CAO, L7 Grave Robber of
                  | Gozag || Steele: CKO, L2 Grave Robber of Vehumet || puimuR:
                  | CXC, L1 Grave Robber of No God
 28547 | Snake:1  | Entered Level 1 of the Snake Pit
 28735 | Snake:1  | Found Kobbo's Book Shoppe.
 28735 | Snake:1  | Found Qodoq's Antique Armour Emporium.
 28994 | Snake:1  | Noticed Frances
 29151 | Snake:1  | Killed Frances
 30442 | Snake:2  | You fall into a shaft and drop 1 floor!
 31247 | Snake:2  | Found a transporter.
 31256 | Snake:2  | Found a transporter.
 31262 | Snake:2  | Noticed Esekla's ghost (journeyman OpDe)
 31900 | Snake:2  | Reached XP level 17. HP: 45/98 MP: 16/24
 32224 | Snake:3  | Bought an amulet of reflection for 420 gold pieces
 32566 | Snake:3  | Reached skill level 15 in Fighting
 32706 | Snake:3  | Got the Precepts of the Tesseract and the Oath
 33037 | Snake:3  | Found a transporter.
 33037 | Snake:3  | Found Qythrufea's Distillery.
 33150 | Snake:3  | Found a transporter.
 33176 | Snake:4  | Entered Level 4 of the Snake Pit
 33205 | Snake:3  | Bought a potion of haste for 130 gold pieces
 33297 | Swamp:1  | Entered Level 1 of the Swamp
 33360 | Swamp:1  | Paralysed by a hornet for 2 turns
 33555 | Swamp:1  | shadowrider38: !nchoce
 33555 | Swamp:1  | shadowrider38: !nchoice
 33588 | Swamp:1  | beem: VSNe: 0 wins || Flugkiller: CXC, L17 Blocker of
                  | Uskayaw || shadowrider38: CBR2, L16 Fighter of Gozag ||
                  | sewnkin: CAO, L11 Slicer of Makhleb || willcat: CAO, L9
                  | Sneak of Gozag || chipmonk: CUE, L9 Sneak of Yredelemnul ||
                  | Steele: CKO, L2 Grave Robber of Vehumet || PigKeeper: CUE,
                  | L1 Grave Robber of No God || puimuR: CXC, L1 Grave Robber
                  | of No God
 34534 | Swamp:2  | Found a transporter.
 34545 | Swamp:2  | Found a transporter.
 34850 | Swamp:2  | Noticed Jorgrun
 34862 | Swamp:2  | Killed Jorgrun
 36731 | Swamp:3  | Reached XP level 18. HP: 90/104 MP: 24/28
 37225 | Swamp:3  | Found the +8 pair of quick blades "Gyre" and "Gimble"
                  | {protect}
 37777 | Elf:1    | Entered Level 1 of the Elven Halls
 38439 | Elf:1    | Paralysed by an air elemental for 1 turns
 38710 | Elf:1    | Found a runed translucent gate.
 38710 | Elf:1    | Found a runed translucent gate.
 38710 | Elf:1    | Found a runed translucent gate.
 38711 | Elf:1    | Noticed a tentacled monstrosity
 38713 | Elf:1    | Noticed a tentacled monstrosity
 38714 | Elf:1    | Noticed a tentacled monstrosity
 39192 | Elf:2    | Reached skill level 16 in Fighting
 39680 | Elf:2    | Found a runed translucent gate.
 39680 | Elf:2    | Found a runed translucent gate.
 39680 | Elf:2    | Found a runed translucent gate.
 39745 | Elf:2    | Found Wuekhef's General Store.
 40662 | Snake:4  | Noticed Vashnia
 40666 | Snake:4  | Reached XP level 19. HP: 104/111 MP: 30/30
 40676 | Snake:4  | Killed Vashnia
 40837 | Snake:4  | Found Iteifiud's Jewellery Emporium.
 40838 | Snake:4  | Found Rafinkid's Book Shop.
 40839 | Snake:4  | Found Zeoh's Jewellery Emporium.
 41179 | Snake:4  | Reached skill level 17 in Fighting
 41567 | Snake:4  | Got a serpentine rune of Zot
 42046 | Swamp:4  | Entered Level 4 of the Swamp
 42782 | Swamp:4  | shadowrider38: !nchoice
 42861 | Swamp:4  | beem: VSNe: 0 wins || shadowrider38: CBR2, L19 Warrior of
                  | Gozag || Flugkiller: CXC, L19 Fighter of Uskayaw ||
                  | willcat: CAO, L11 Covert of Gozag || sewnkin: CAO, L11
                  | Slicer of Makhleb || puimuR: CXC, L9 Chopper of The Shining
                  | One || SnakkuSnakku7: CBR2, L8 Martial Artist of Ru ||
                  | Implojin: CBR2, L7 Cutter of Uskayaw || PigKeeper: CUE, L4
                  | Grave Robber of No God || Steele: CKO, L2 Grave Robber of
                  | Vehumet
 42861 | Swamp:4  | beem: || SuperJoe: CBR2, L1 Grave Robber of No God
 42931 | Swamp:4  | Reached skill level 18 in Fighting
 43214 | Swamp:4  | Got a decaying rune of Zot
 43535 | Elf:3    | Entered Level 3 of the Elven Halls
 43607 | Elf:3    | Found a transporter.
 43613 | Elf:3    | Noticed a profane servitor
 43655 | Elf:3    | Reached XP level 20. HP: 106/119 MP: 27/31
 43712 | Elf:3    | Found a shimmering blue altar of Sif Muna.
 43748 | Elf:3    | Noticed Deanun's ghost (adept MiBe)
 43756 | Elf:3    | Found a transporter.
 43944 | Elf:3    | Reached skill level 15 in Armour
 44188 | Elf:3    | Identified the ring "Loafetocs" {Fire Str+2 Int+2 SInv
                  | Stlth-}
 44213 | Elf:3    | Identified the +1 rapier of Ashenzari's Regard {freeze,
                  | rCorr Str-4 Int+9 Dex-2}
 44405 | Elf:3    | Identified the ring of Wekec {+Blink rCorr Str+6 Int-5
                  | SInv}
 44872 | Elf:3    | Got the Octavo of Rotting Fire
 44913 | Elf:3    | Got the Grimoire of Amalgamated Mortification
 44944 | Elf:3    | Identified the +3 shortbow of Midwinter {freeze, rCorr
                  | Dex+3 Stlth+}
 44956 | Elf:3    | Identified the +0 robe of the Wilderness {Str-5 Int+3
                  | Slay+2}
 45085 | Elf:3    | Paralysed by an air elemental for 1 turns
 45446 | Vaults:1 | Entered Level 1 of the Vaults
 47025 | Vaults:2 | Reached skill level 9 in Spellcasting
 47109 | Vaults:2 | Reached XP level 21. HP: 96/124 MP: 35/35
 47924 | Vaults:2 | Reached skill level 19 in Fighting
 47942 | Vaults:2 | Found a staircase to the Crypt.
 48334 | Vaults:3 | Noticed Boris
 48346 | Vaults:3 | Killed Boris
 48569 | Vaults:3 | Found Hinnen's Assorted Antiques.
 48573 | Vaults:3 | Bought a wand of digging (5) for 651 gold pieces
 48704 | Vaults:3 | Noticed Jory
 48715 | Vaults:3 | Killed Jory
 48787 | Vaults:3 | Identified the staff "Fushe" {rC+ Stlth+ Ice}
 48985 | Vaults:3 | Reached skill level 20 in Fighting
 49958 | Vaults:4 | Found Pugy's General Store.
 49973 | Vaults:4 | Bought a scroll of enchant armour for 135 gold pieces
 49973 | Vaults:4 | Bought the ring of the Fuzzy God {Fire rElec rPois} for 777
                  | gold pieces
 49973 | Vaults:4 | Bought a scroll of enchant armour for 135 gold pieces
 49973 | Vaults:4 | Bought a scroll of enchant armour for 135 gold pieces
 50240 | Vaults:4 | Reached XP level 22. HP: 86/133 MP: 37/37
 50460 | Vaults:4 | Reached skill level 9 in Evocations
 50673 | Vaults:4 | Reached skill level 9 in Dodging
 51133 | D:15     | shadowrider38: !nchoice
 51134 | Depths:1 | Entered Level 1 of the Depths
 51167 | Depths:1 | beem: VSNe: 0 wins || shadowrider38: CBR2, L21 Warrior of
                  | Gozag || Flugkiller: CXC, L20 Severer of Uskayaw ||
                  | willcat: CAO, L11 Covert of Gozag || sewnkin: CAO, L11
                  | Slicer of Makhleb || Implojin: CBR2, L5 Grave Robber of No
                  | God || PigKeeper: CUE, L4 Grave Robber of No God || Steele:
                  | CKO, L2 Grave Robber of Vehumet || Gottschkopf: CUE, L1
                  | Grave Robber of No God || SuperJoe: CBR2, L1 Grave Robber
                  | of No
 51167 | Depths:1 | beem: God
 51641 | Depths:1 | Found a one-way gateway to a ziggurat.
 51870 | Depths:1 | Found a gateway to Hell.
 51984 | Depths:1 | Identified the +0 great mace "Zaygg" {speed, rC+}
 52389 | Depths:2 | Found a flickering gateway to a bazaar.
 52391 | Depths:2 | Noticed Boris
 52400 | Bazaar   | Entered a bazaar
 52467 | Bazaar   | Found Veilur's Jewellery Shop.
 52498 | Bazaar   | Found Ipip's Book Shop.
 52550 | Depths:2 | Killed Boris
 52608 | Depths:2 | Found Lauko's Weapon Boutique.
 52621 | Depths:2 | Found Xolliy's Weapon Shop.
 52689 | Depths:2 | Found a one-way gate leading to the halls of Pandemonium.
 52901 | Depths:2 | You fall into a shaft and drop 2 floors!
 52901 | Depths:4 | Entered Level 4 of the Depths
 53086 | Depths:3 | Found an ancient bone altar of Kikubaaqudgha.
 53091 | Depths:3 | Found an iron altar of Okawaru.
 53333 | Depths:3 | Reached skill level 21 in Fighting
 53368 | Depths:3 | Reached XP level 23. HP: 127/140 MP: 38/38
 53381 | Depths:3 | Identified the +5 short sword "Orb Guardian's Doom" {flame,
                  | Fly rElec}
 53395 | Depths:3 | Noticed a caustic shrike
 53405 | Depths:3 | Killed a caustic shrike
 53547 | Depths:3 | Noticed a golden dragon
 53557 | Depths:3 | Killed a golden dragon
 53590 | Depths:3 | Identified the +1 quarterstaff of Xuwkacaph {flame, rC-
                  | MP-9 Int+9}
 53641 | Depths:3 | Identified the +0 fire dragon scales of Xeroi {rElec rF++
                  | rC- Will+ rCorr Int-5}
 53681 | Depths:3 | Found a broken altar of Ashenzari.
 53682 | Depths:3 | Found a radiant altar of Vehumet.
 53682 | Depths:3 | Found a radiant altar of Vehumet.
 53682 | Depths:3 | Found a glowing silver altar of Zin.
 55762 | Depths:4 | Reached skill level 22 in Fighting
 55875 | Depths:4 | Noticed a golden dragon
 55881 | Depths:4 | Killed a golden dragon
 56017 | Depths:4 | Noticed a caustic shrike
 56018 | Depths:4 | Noticed a caustic shrike
 56019 | Depths:4 | Noticed a caustic shrike
 56027 | Depths:3 | Killed a caustic shrike
 56107 | Depths:4 | Killed a caustic shrike
 56208 | Abyss:3  | Found a corrupted altar of Lugonu.
 56208 | Abyss:3  | Cast into level 3 of the Abyss (red draconian)
 56427 | Abyss:3  | Got an abyssal rune of Zot
 56434 | Depths:4 | Escaped the Abyss
 56438 | Depths:4 | Reached XP level 24. HP: 129/147 MP: 38/38
 56464 | Depths:4 | Found a gate to the Realm of Zot.
 56482 | Depths:4 | shadowrider38: !nchoice
 56515 | Depths:4 | beem: VSNe: 0 wins || shadowrider38: CBR2, L23 Slayer of
                  | Gozag || Flugkiller: CXC, L22 Severer of Uskayaw ||
                  | willcat: CAO, L11 Covert of Gozag || sewnkin: CAO, L11
                  | Slicer of Makhleb || PigKeeper: CUE, L9 Grave Robber of No
                  | God || Implojin: CBR2, L8 Wallflower of Uskayaw ||
                  | Gottschkopf: CUE, L5 Grave Robber of Ru || Steele: CKO, L2
                  | Grave Robber of Vehumet || SuperJoe: CBR2, L1 Grave Robber
                  | of No God
 56683 | Depths:4 | Killed a caustic shrike
 56783 | Zot:1    | Entered Level 1 of the Realm of Zot
 56783 | Zot:1    | Identified the ring "Isusu" {Ice ^Contam rN+++ Will++
                  | Int-2}
 56783 | Zot:1    | Identified the death talisman of Divine Compulsion {rC+
                  | Str+6 Slay+2}
 56783 | Zot:1    | Noticed Josephina
 56795 | Depths:4 | Killed Josephina
 57024 | Zot:2    | shadowrider38: !nwere
 57024 | Zot:2    | shadowrider38: !nwhere
 57100 | Zot:1    | beem: VSNe: 0 wins || shadowrider38: CBR2, L23 Slayer of
                  | Gozag (Abyss:3, 2 runes) || Flugkiller: CXC, L22 Severer of
                  | Uskayaw (D:15, 1 rune) || willcat: CAO, L11 Covert of Gozag
                  | (D:10) || sewnkin: CAO, L11 Slicer of Makhleb (D:10) ||
                  | PigKeeper: CUE, L9 Grave Robber of No God (Bailey) ||
                  | Implojin: CBR2, L8 Wallflower of Uskayaw (D:7) ||
                  | Gottschkopf: CUE, L5 Grave Robber of Ru (D:3) || Steele:
                  | CKO, L2
 57114 | Zot:1    | beem: Grave Robber of Vehumet (D:2) || SuperJoe: CBR2, L1
                  | Grave Robber of No God (D:1)
 57768 | Zot:4    | Noticed a curse toe
 57855 | Zot:4    | Killed a curse toe
 57928 | Zot:5    | Entered Level 5 of the Realm of Zot
 57930 | Zot:5    | Noticed a curse toe
 58010 | Zot:5    | Killed a curse toe
 58140 | Zot:5    | Noticed an orb of fire
 58140 | Zot:5    | Noticed a Killer Klown
 58140 | Zot:5    | Noticed an ancient lich
 58141 | Zot:5    | Noticed a Killer Klown
 58154 | Zot:5    | Killed a Killer Klown
 58154 | Zot:5    | Killed an orb of fire
 58165 | Zot:5    | Killed an ancient lich
 58873 | Zot:5    | Noticed a Killer Klown
 58877 | Zot:5    | Noticed an ancient lich
 58887 | Zot:5    | Killed a Killer Klown
 58891 | Zot:5    | Killed a Killer Klown
 58897 | Zot:5    | Reached skill level 23 in Fighting
 58907 | Zot:5    | Noticed an orb of fire
 58911 | Zot:5    | Noticed a Killer Klown
 58917 | Zot:5    | Killed a Killer Klown
 58917 | Zot:5    | Noticed a Killer Klown
 58918 | Zot:5    | Reached XP level 25. HP: 154/154 MP: 38/38
 58926 | Zot:5    | Got the Orb of Zot
 58943 | Zot:4    | Noticed Akhlas the pandemonium lord
 59291 | D:11     | Gained mutation: You sometimes lose your temper in combat.
                  | [a neqoxec]
 59304 | D:10     | Lost mutation: You sometimes lose your temper in combat.
                  | [potion of mutation]
 59304 | D:10     | Gained mutation: You expend magic power (3 MP) to
                  | strengthen your wands. [potion of mutation]
 59304 | D:10     | Gained mutation: You are robust. (+10% HP) [potion of
                  | mutation]
 59645 | D:$      | Escaped with the Orb!

Illustrated notes

Levels and vault maps discovered:
D:1:      nagdon_arrival_double_spiral, layout_basic, kennysheep_nondescript,
          st_stairs_6
D:2:      layout_loops_cross, st_stairs_12
D:3:      layout_basic
D:4:      layout_loops_cross, mainiacjoe_overflow_chevrons
D:5:      layout_loops_ring, hangedman_decor_riveting
D:6:      layout_loops_corners, mainiacjoe_overflow_boulevard,
          nicolae_overflow_macrodata_refinement, uniq_pikel
D:7:      layout_loops_ring, minmay_temple_entry_hall, serial_shops,
          nicolae_shop_advertising_works [nicolae_subvault_shop_adworks],
          nicolae_nh_ransacked_shop
D:8:      layout_rooms, serial_library_hellmonk_small_corner
D:9:      layout_basic, grunt_temple_overflow_diamond, trog_ov_bears_minmay,
          grunt_temple_overflow_open, david_lair_shrubbed,
          minmay_protected_statue, uniq_maggie
D:10:     layout_rooms, lightli_fourway_metalbox
D:11:     layout_loops_cross, erik_orc_4, uniq_harold, uniq_grum, uniq_lodul
D:12:     layout_big_octagon
D:13:     layout_basic, erik_vaults_2
D:14:     layout_long_grid
D:15:     grunt_enter_depths_snipers, layout_cave_pools, nrook_mini_vaults,
          nzn_life_drinkers
Temple:   hellmonk_temple_flake
Lair:1:   layout_small_grid, nicolae_quartered_pool_super
Lair:2:   layout_gridlike, nicolae_swamp_entry_spooky,
          minmay_snake_entry_six_corridors, grunt_megastairs_5,
          infiniplex_staircase_pool_2
Lair:3:   layout_long_grid, ebering_ghost_rock_garden
Lair:4:   wad_woods_structure_01, layout_regular_city
Lair:5:   hellmonk_lair_end_abyssal_woods, layout_big_grid, slime_entry_1,
          basic_altar, lemuel_fruit_tree
Swamp:1:  layout_basic_swamp, evilmike_swamp_ruin_house_4
Swamp:2:  gammafunk_sealed_arena, layout_basic_swamp, hangedman_swamp_diagram,
          uniq_jorgrun
Swamp:3:  bobbens_index_wilting_gardens, layout_falls_marsh,
          nicolae_swamp_oxbows
Swamp:4:  swamp_vile, layout_basic_swamp, swamp_pool_3, worms_lemuel
Snake:1:  layout_chambers, minmay_shoptagon, uniq_frances
Snake:2:  cheibrodos_snake_lava_hold, layout_misc_corridors,
          gammafunk_ghost_berserking_beasts
Snake:3:  layout_misc_corridors, serial_shops, nicolae_shop_drivethru
Snake:4:  minmay_snake_end_coiled, layout_gridlike, grunt_megastairs_4,
          serial_bayou_shore_b, minmay_shop_grove, uniq_vashnia
Orc:1:    layout_caves, serial_shops, shop_scrolls, uniq_nergalle, uniq_sonja,
          uniq_snorg
Orc:2:    grunt_orc_community_town_hall, layout_diamond_mine,
          grunt_orc_community_big_house_2, grunt_orc_community_big_house_1,
          grunt_orc_community_house_3, grunt_orc_community_house_1,
          grunt_orc_community_house_2, grunt_orc_community_house_1,
          grunt_orc_community_house_1, serial_shops, shop,
          regret_index_xom_of_box
Elf:1:    eino_elf_arrival_the_gate, layout_onion_city,
          ploomutoo_gammafunk_ghost_potion_laboratory, nicolae_elf_crossing_hall
Elf:2:    nicolae_elf_blades_crystal_corner, layout_geoelf_diagonals,
          serial_shops, shop
Elf:3:    minmay_elf_hall_furrowed, layout_geoelf_grid,
          gammafunk_ghost_abyssal_escape, basic_altar
Vaults:1: nicolae_vaults_inception_statues, nicolae_vaults_hexular_roomagon,
          nicolae_vaults_stairing_the_circle, v_rooms_3,
          nicolae_vaults_back_hallway, nicolae_vaults_tangram_2,
          vaults_room_hallway, nicolae_vaults_storage_closets_2,
          vaults_room_fours, hangedman_vaults_stretched_pinwheel,
          vaults_room_grunt_arrival_checkpoint, layout_vaults_omnicross
Vaults:2: minmay_crypt_entry_skeletal_spiral, nicolae_vaults_heart-shaped_vault,
          v_pattern_3, v_misc_29, hangedman_vaults_trim, vaults_dpeg_hooks,
          vaults_dpeg_encased_lava, layout_vaults_omnigrid
Vaults:3: vaults_dpeg_cross, nicolae_vaults_theta,
          nicolae_vaults_sealed_display, vaults_room_stairs_pillars, v_misc_9,
          vaults_room_fancy_cross, nicolae_vaults_closet_pinwheel_4,
          vaults_room_corners, nicolae_vaults_border_crossing,
          nicolae_vaults_network_s, vaults_dpeg_diagonal,
          ontoclasm_vaults_gateway, layout_vaults_ring, serial_shops, shop,
          uniq_jory, uniq_boris
Vaults:4: nicolae_vaults_storage_closets_3, nicolae_vaults_security_offices_6,
          nicolae_vaults_little_squares_3, vaults_mumra_hexcomb,
          nicolae_vaults_six-pack, ontoclasm_vaults_spin, vaults_mumra_chevron,
          v_misc_3, nicolae_vaults_tangram_2, layout_vaults_chaotic_city,
          serial_shops, shop_fountains
Depths:1: layout_long_grid, enter_ziggurat_d, pf_hell_entry_tar_river,
          nicolae_BIG_FREAKIN_CUBE, corexii_hall_statues_l, drop_trap,
          eino_tiny_chamber, minivault_15, minmay_crystal_room,
          hellmonk_guarded_unrand_dark_maul, firewood_loft
Depths:2: minmay_spriggan_fort, layout_cave_pools, serial_shops,
          bzr_in_the_mist, nicolae_shop_bloodbath_and_beyond,
          nicolae_stop_n_shop_1, hell_entry, grunt_pan_entry_spiral,
          ebering_dispersal_statue_hall, uniq_grunn
Depths:3: minmay_the_grid_octo_tiled_squarecenter
          [minmay_the_grid_octo_checkerflower, minmay_the_grid_octo_shrine,
          minmay_the_grid_octo_fat_diamond,
          minmay_the_grid_octo_vomiting_pacman,
          minmay_the_grid_square_5x5_megaprize_checkered,
          minmay_the_grid_square_5x5_checkered_sparse,
          minmay_the_grid_square_5x5_minibox,
          minmay_the_grid_square_5x5_intrusive_squares,
          minmay_the_grid_square_5x5_pentomino_r], layout_honeycomb,
          grunt_decor_mini_mirrors, abyss_entry_small_statue_room, hellmouth_1,
          infiniplex_staircase_9_rooms
Depths:4: grunt_zot_entry_bicorn, layout_gridville, hell_entry,
          fake_guardian_serpent_vault
Zot:1:    layout_gridlike, uniq_josephina
Zot:2:    layout_gridlike, regret_index_zotdec_serpentine_coiled,
          hangedman_zot_diagonal_lockstep, st_small_dragon_hoard_5
Zot:3:    layout_misc_corridors, gammafunk_ghost_arena
Zot:4:    hangedman_orp_of_zott, layout_onion_interference,
          hangedman_zot_decor_slant
Zot:5:    layout_twisted_circle

Skill      XL: |  1  2  3  4  5  6  7  8  9 10 11 12 13 14 15 16 17 18 19 20 21 22 23 24 |
---------------+-------------------------------------------------------------------------+-----
Short Blades   | 1 2 3 4 5 6 7 10 11 12 | 12.0
Fighting       | 1 2 3 4 5 6 7 9 10 12 13 14 15 16 18 20 21 22 23 | 23.2
Armour         | 2 3 4 7 8 10 12 14 15 16 18 19 | 19.3
Spellcasting   | 4 6 9 10 | 10.0
Dodging        | 3 4 5 7 8 10 | 10.0
Long Blades    | 7 11 | 11.9
Evocations     | 1 4 6 8 10 12 | 12.0
Shields        | 7 11 12 | 12.7
Stealth        | |  2.4
Necromancy     | |  4.0

Action                     |  1- 3 |  4- 6 |  7- 9 | 10-12 | 13-15 | 16-18 | 19-21 | 22-24 | 25-27 || total
---------------------------+-------+-------+-------+-------+-------+-------+-------+-------+-------++-------
  Melee: Dagger            |   118 |   144 |   229 |       |       |       |       |       |       ||   491
         Unarmed           |     4 |       |       |       |       |       |       |       |       ||     4
         Bite              |    37 |    36 |   153 |   382 |   716 |  1174 |  1721 |  3006 |   148 ||  7373
         Punch             |       |     1 |     5 |    17 |    17 |       |       |       |       ||    40
         Short sword       |       |       |   163 |   714 |       |       |       |       |       ||   877
         Scimitar          |       |       |       |   107 |   624 |       |       |       |       ||   731
         Falchion          |       |       |       |   104 |       |       |       |       |       ||   104
         Rapier            |       |       |       |       |   990 |  1575 |       |       |       ||  2565
         Pair of quick bla |       |       |       |       |       |   855 |  2972 |  4802 |   318 ||  8947
  Throw: Throwing net      |       |       |       |     3 |       |     1 |       |       |       ||     4
         Dart              |       |       |       |       |     2 |     4 |       |       |       ||     6
   Cast: Necrotise         |     5 |       |       |       |       |       |       |       |       ||     5
         Apportation       |       |       |       |     3 |       |       |       |       |       ||     3
 Invoke: Potion Petition   |       |       |       |     2 |     2 |     7 |     1 |     3 |       ||    15
         Call Merchant     |       |       |       |       |       |     1 |       |       |       ||     1
         Bribe Branch      |       |       |       |       |       |       |       |     2 |       ||     2
  Evoke: Wand              |       |     1 |    18 |    15 |     4 |       |       |       |       ||    38
         Phantom mirror    |       |       |       |       |       |     1 |     1 |       |       ||     2
         Lightning rod     |       |       |       |       |       |       |     3 |       |       ||     3
         Box of beasts     |       |       |       |       |       |       |       |     1 |       ||     1
    Use: Scroll            |     1 |     8 |     2 |     9 |    19 |    12 |     8 |     9 |     1 ||    69
         Potion            |       |     1 |     1 |     7 |     2 |     2 |       |     4 |     3 ||    20
   Stab: Sleeping          |     2 |       |       |       |       |       |       |       |       ||     2
         Distracted        |       |       |       |     5 |     7 |    10 |     7 |     7 |       ||    36
         Held in net/web   |       |       |       |     1 |       |       |       |       |       ||     1
         Invisible         |       |       |       |       |       |       |       |     1 |       ||     1
 Armour: Robe              |     7 |       |       |       |       |       |       |       |       ||     7
         Ring mail         |    66 |    34 |       |       |       |       |       |       |       ||   100
         Chain mail        |       |    59 |   228 |       |       |       |       |       |       ||   287
         Skin              |       |     8 |       |       |       |       |       |       |     9 ||    17
         Plate armour      |       |       |    59 |   680 |  1177 |  1067 |   700 |  1169 |    69 ||  4921
         Swamp dragon scal |       |       |       |    16 |       |       |       |       |       ||    16
  Dodge: Dodged            |    64 |    35 |    76 |   249 |   536 |   229 |   185 |   358 |    22 ||  1754
  Block: Kite shield       |       |       |       |       |   129 |   915 |       |       |       ||  1044
         Reflection        |       |       |       |       |       |    23 |    14 |     2 |     1 ||    40
         Other             |       |       |       |       |       |    24 |    89 |   149 |     9 ||   271
